 Dungeon Crawl Stone Soup version 0.30-a0-1035-g38d5fb2972 (webtiles) character file.

Game seed: 1988016390993888939

26056 Aneyh the Warrior (level 13, 0/90 HPs)
             Began as a Tengu Fighter on Apr 8, 2023.
             Was an Elder of Hepliaklqana.
             Succumbed to a meliai's poison
             ... on level 14 of the Dungeon.
             The game lasted 00:24:58 (13138 turns).

Aneyh the Warrior (Tengu Fighter)                  Turns: 13138, Time: 00:24:59

Health: 0/90       AC: 14    Str: 24    XL:     13   Next: 23%
Magic:  14/14      EV: 17    Int: 10    God:    Hepliaklqana [****..]
Gold:   1138       SH:  0    Dex: 17    Spells: 10/12 levels left

rFire   . . .      SeeInvis .    B - +10 dark maul {heavy}
rCold   . . .      Faith    .    (shield currently unavailable)
rNeg    . . .      Spirit   .    t - +4 ring mail of the Onion {Will+ Str+4}
rPois   .          Reflect  .    n - +2 hat
rElec   .          Rampage  .    g - scarf {harm}
rCorr   .          Harm     + .  S - +2 pair of gloves {Dex+3}
Will    +....                    (boots unavailable)
Stlth   +                        m - amulet of the acrobat
HPRegen 0.35/turn                q - +4 ring of slaying
MPRegen 0.14/turn                L - +5 ring of evasion

@: mighty, lethally poisoned (0 -> -11), flying quickly and evasively, quick
A: reduced essence, beak, talons 3, nimble flight
a: Renounce Religion, Recall Ancestor, Ancestor Identity, Transference, Idealise


You were on level 14 of the Dungeon.
You worshipped Hepliaklqana.
Hepliaklqana was greatly pleased with you.
You visited 2 branches of the dungeon, and saw 15 of its levels.
You also visited: Bailey.

You collected 1138 gold pieces.

Inventory:

Hand Weapons
 a - a +1 trident
 f - a +2 shortbow of flaming
 y - the +6 dagger "Killer Bee's Regret" {vamp, Int+5 Dex-3 Stlth+}
   (You found it on level 4 of the Dungeon)

   Int:       It affects your intelligence (+5).
   Dex:       It affects your dexterity (-3).
   Stlth:     It makes you more stealthy.
 B - the +10 dark maul (weapon) {heavy}
   (You took it off a two-headed ogre on level 12 of the Dungeon)
 J - the +5 sling of Otrim {speed, Will- Str+6 Int+2}
   (You found it on level 13 of the Dungeon)

   Str:       It affects your strength (+6).
   Int:       It affects your intelligence (+2).
   Will:      It decreases your willpower.
 N - a +5 scimitar
 P - a +1 spear of venom
 Q - a +0 glaive
 W - the +5 mace of Generosity {heavy, rElec SInv}
   (You found it on level 10 of the Dungeon)

   rElec:     It insulates you from electricity.
   SInv:      It lets you see invisible.
Armour
 c - a +0 buckler
 g - a scarf of harm (worn)
 n - a +2 hat (worn)
 t - the +4 ring mail of the Onion (worn) {Will+ Str+4}
   (You found it on level 3 of the Dungeon)

   Str:       It affects your strength (+4).
   Will:      It increases your willpower.
 K - a +2 cloak
 S - a +2 pair of gloves of dexterity (worn)
 T - +0 fire dragon scales
Jewellery
 h - a ring of ice
 j - a ring of see invisible
 k - a ring of fire
 m - an amulet of the acrobat (around neck)
 q - a +4 ring of slaying (left hand)
 C - a ring of resist corrosion
 D - a ring of magical power
 L - a +5 ring of evasion (right hand)
 V - a +6 ring of intelligence
Wands
 b - a wand of iceblast (3)
 E - a wand of flame (23)
 G - a wand of charming (2)
 I - a wand of quicksilver (24)
Scrolls
 i - 8 scrolls of identify
 l - 2 scrolls of enchant weapon
 p - 2 scrolls of blinking
 v - 3 scrolls of enchant armour
 A - 3 scrolls of amnesia
 O - 3 scrolls of teleportation
 U - a scroll of fog
 Y - a scroll of acquirement {unknown}
 Z - 2 scrolls of torment {unknown}
Potions
 d - 2 potions of might
 e - 2 potions of invisibility {unknown}
 o - 8 potions of heal wounds
 r - 5 potions of lignification
 s - a potion of ambrosia {unknown}
 u - 6 potions of mutation {unknown}
 w - 3 potions of brilliance
 x - 3 potions of attraction {unknown}
 z - 7 potions of curing {unknown}
 F - 2 potions of resistance {unknown}
 H - a potion of magic {unknown}
 X - a potion of degeneration {unknown}
Miscellaneous
 R - a phial of floods


   Skills:
 - Level 19.7 Fighting
 * Level 8.0 Maces & Flails
 - Level 6.0 Polearms
 - Level 3.2 Armour
 - Level 3.0 Shields
 - Level 2.0 Summonings


You had 10 spell levels left.
You knew the following spells:

 Your Spells              Type           Power      Damage    Failure   Level
a - Call Imp              Summ           8%         N/A       36%         2

Your spell library contained the following spells:

 Spells                   Type           Power      Damage    Failure   Level
 Summon Small Mammal      Summ           16%        N/A       26%         1
 Apportation              Tloc           0%         N/A       50%         1
 Magic Dart               Conj           0%         1d3       50%         1
 Necrotise                Necr           0%         1d4       50%         1
 Call Canine Familiar     Summ           4%         N/A       58%         3
 Frozen Ramparts          Ice            0%         1d1       86%         3
 Mephitic Cloud           Conj/Pois/Air  0%         N/A       86%         3
 Portal Projectile        Hex/Tloc       0%         N/A       86%         3
 Summon Ice Beast         Ice/Summ       2%         N/A       98%         4
 Ice Form                 Ice/Tmut       0%         N/A       99%         4
 Leda's Liquefaction      Hex/Erth       0%         N/A       99%         4
 Chain Lightning          Conj/Air       0%         N/A       100%        9
 Fire Storm               Conj/Fire      0%         5d1       100%        9
 Shatter                  Erth           0%         3d5*      100%        9


Dungeon Overview and Level Annotations

Branches:
Dungeon (14/15)            Temple (1/1) D:6            Lair (0/5) D:10
    Orc (0/2) D:10         Bailey (visited)
 Vaults: D:13-14

Altars:
Fedhas
Hepliaklqana
Makhleb
Okawaru
Uskayaw
Vehumet
Wu Jian
Zin

Shops:
D:5 !   D:9 [

Annotations:
D:3 2 runed translucent doors, cheesebisquit's ghost, amateur MfHs
D:11 1 runed translucent door, Rudyous's ghost, journeyman DsFE


Innate Abilities, Weirdness & Mutations

Your life essence is reduced to manifest your ancestor. (-10% HP)
You have a beak for a mouth.
You have claws for feet.
Your magical nature lets you fly swiftly and evasively.


Message History

Your cerulean imp closely misses the meliai.
You feel extremely sick.
Ferran closely misses the meliai.
Your cerulean imp hits the meliai but does no damage.
The meliai completely misses Ferran.
The meliai completely misses you.
The meliai closely misses your cerulean imp.
The meliai barely misses Ferran.
You feel much better.
You feel extremely sick.
The meliai closely misses Ferran.
The meliai closely misses your cerulean imp.
The meliai hits you with a +0 war axe.
The meliai stings Ferran.
Ferran hits the meliai with a +0 quarterstaff!!
Your cerulean imp hits the meliai but does no damage.
The meliai closely misses Ferran.
The meliai hits your cerulean imp with a +0 war axe!
The meliai hits you with a +0 war axe.
The meliai stings Ferran.
You pound the meliai like an anvil!!!
You kill the meliai!
You feel extremely sick.
Your cerulean imp disappears in a puff of smoke!
The meliai hits you with a +0 broad axe!
* * * LOW HITPOINT WARNING * * *
The meliai hits Ferran with a +0 broad axe.
The meliai barely misses you. The meliai hits you but does no damage.
The meliai closely misses Ferran.
The meliai closely misses you.
Ferran hits the meliai with a +0 quarterstaff!
The meliai barely misses you.
The meliai hits Ferran with a +0 broad axe.
The meliai stings you but does no damage.
Ferran misses the meliai.
The meliai hits you with a +0 broad axe!
* * * LOW HITPOINT WARNING * * *
The meliai hits Ferran with a +0 broad axe!
The meliai misses you.
Ferran misses the meliai.
The meliai misses you.
The meliai hits Ferran with a +0 broad axe!
The meliai closely misses you.
Your Maces & Flails skill increases to level 8!
You feel very mighty all of a sudden.
You die...

#..... #.....
#.....########
#............#
.............#
#†......#
#.......########
+......Ry)......
.##......@########
........<###
#+########


You could see the friendly Ferran the battlemage and a meliai (ally target).

Vanquished Creatures
  A boulder beetle (D:11)
  A centaur warrior (D:13)
  A two-headed ogre (D:12)
  A death yak (D:10)
  Pikel (D:4)
  A deep elf pyromancer (D:12)
  A cyclops (D:13)
  2 manticores
  An elephant (D:10)
  3 gargoyles
  Psyche (D:9)
  A komodo dragon (D:11)
  3 trolls
  2 meliai (D:14)
  A hornet (D:9)
  Grinder (D:6)
  Prince Ribbit (D:9)
  7 slime creatures
  A shadow (D:11)
  Sigmund (D:6)
  2 wyverns
  19 yaks
  2 vampires (D:12)
  A human (D:10)
  A basilisk (D:10)
  8 vampire mosquitoes
  A steam dragon (D:8)
  2 acid dragons
  3 water moccasins
  8 orc warriors
  3 sky beasts
  2 ice beasts
  2 black bears
  4 ogres
  11 centaurs
  A lemure (D:5)
  3 bullfrogs
  2 scorpions
  8 wights
  9 killer bees
  4 howler monkeys
  4 jellies
  13 orc priests
  Crazy Yiuf (D:6)
  A gnoll bouda (D:8)
  4 iguanas
  2 sleepcaps
  8 orc wizards
  3 gnolls (D:8)
  5 adders
  2 worms
  A dart slug (D:1)
  62 orcs
  8 ball pythons
  4 endoplasms
  7 giant cockroaches
  5 goblins
  6 hobgoblins
  8 jackals
  7 kobolds
  5 quokkas
  4 bats
  3 frilled lizards
  9 rats
300 creatures vanquished.

Vanquished Creatures (collateral kills)
  5 two-headed ogres
  A deep elf pyromancer (D:13)
  A cyclops (D:12)
  Maurice (D:8)
  3 slime creatures
  A wraith (D:11)
  8 yaks
  3 vampire mosquitoes
  2 orc warriors
  A black bear (D:10)
  A centaur (D:13)
  A kobold brigand (D:8)
  An orc priest (D:12)
  An orc wizard (D:13)
  A nameless horror (D:12)
  A gnoll (D:8)
  16 orcs
  A kobold (D:8)
49 creatures vanquished.

Vanquished Creatures (others)
  6 ancestors
  5 battlemagi
11 creatures vanquished.

Grand Total: 360 creatures vanquished

Notes
Turn   | Place    | Note
-------+----------+-------------------------------------------
     0 | D:1      | Aneyh the Tengu Fighter began the quest for the Orb.
     0 | D:1      | Reached XP level 1. HP: 14/14 MP: 2/2
   194 | D:1      | Reached XP level 2. HP: 19/19 MP: 3/3
   990 | D:1      | Reached skill level 4 in Fighting
   990 | D:1      | Reached XP level 3. HP: 21/24 MP: 4/4
  1590 | D:3      | Found a faded altar of an unknown god.
  1600 | D:3      | Reached XP level 4. HP: 30/30 MP: 5/5
  1607 | D:3      | Identified the +4 ring mail of the Onion {Will+ Str+4}
  1638 | D:3      | Noticed an ogre
  1653 | D:3      | Killed an ogre
  1654 | D:3      | Reached skill level 5 in Fighting
  1654 | D:3      | Gained mutation: Your magical nature lets you fly swiftly
                  | and evasively. [Tengu growth]
  1654 | D:3      | Reached XP level 5. HP: 24/35 MP: 6/6
  1681 | D:3      | Reached XP level 6. HP: 32/40 MP: 7/7
  1730 | D:3      | You are sucked into a shaft and drop 1 floor!
  2030 | D:3      | Found a runed translucent door.
  2031 | D:3      | Noticed cheesebisquit's ghost (amateur MfHs)
  2062 | D:3      | Found a runed translucent door.
  2177 | D:3      | Reached skill level 5 in Polearms
  2324 | D:4      | Identified the +6 dagger "Killer Bee's Regret" {vamp, Int+5
                  | Dex-3 Stlth+}
  2920 | D:5      | Entered Level 5 of the Dungeon
  2923 | D:5      | Found Feetrej's Distillery.
  3019 | D:5      | Noticed Pikel
  3141 | D:4      | Reached XP level 7. HP: 34/45 MP: 8/8
  3146 | D:4      | Killed Pikel
  3147 | D:4      | Reached skill level 7 in Fighting
  3147 | D:4      | Reached XP level 8. HP: 28/54 MP: 9/9
  3152 | D:5      | Reached skill level 8 in Fighting
  3861 | D:6      | Reached skill level 9 in Fighting
  4011 | D:6      | Found a staircase to the Ecumenical Temple.
  4100 | Temple   | Entered the Ecumenical Temple
  4188 | Temple   | Became a worshipper of Hepliaklqana the Forgotten
  4256 | D:6      | Reached skill level 10 in Fighting
  4295 | D:6      | Noticed Grinder
  4300 | D:6      | Killed Grinder
  4301 | D:6      | Reached XP level 9. HP: 63/63 MP: 10/10
  4330 | D:6      | Found a runed translucent door.
  4331 | D:6      | Noticed Crazy Yiuf
  4411 | D:6      | Noticed Sigmund
  4420 | D:6      | Killed Sigmund
  4530 | D:6      | Killed Crazy Yiuf
  4739 | D:7      | Reached skill level 11 in Fighting
  4957 | Temple   | Reached skill level 12 in Fighting
  5299 | D:7      | Reached * piety under Hepliaklqana
  5453 | D:8      | Reached skill level 13 in Fighting
  5453 | D:8      | Reached XP level 10. HP: 53/65 MP: 11/11
  5471 | D:8      | HP: 1/65 [something (8)]
  5664 | D:8      | Noticed Maurice
  5682 | D:8      | Killed Maurice
  5683 | D:8      | Reached skill level 14 in Fighting
  5753 | D:8      | Found a flagged portal.
  5764 | Bailey   | Entered a bailey
  6895 | D:8      | Identified the +3 dagger of Agony {vamp, rElec rN+ Str-2
                  | Int+3}
  7186 | D:8      | Learned a level 2 spell: Call Imp
  7340 | D:9      | Found Gociykum's Antique Armour Shoppe.
  7343 | D:9      | Noticed Prince Ribbit
  7438 | D:9      | Reached skill level 1 in Summonings
  7479 | D:9      | Killed Prince Ribbit
  7480 | D:9      | Reached skill level 15 in Fighting
  7572 | D:9      | Found a glowing silver altar of Zin.
  7608 | D:9      | Reached XP level 11. HP: 57/73 MP: 12/12
  7616 | D:9      | Noticed Psyche
  7736 | D:9      | Killed Psyche
  7967 | D:9      | Found an iron altar of Okawaru.
  7977 | D:9      | Reached skill level 16 in Fighting
  8369 | D:9      | Reached ** piety under Hepliaklqana
  8370 | D:9      | Remembered your ancestor Ferran as a battlemage
  8510 | D:10     | Entered Level 10 of the Dungeon
  8620 | D:10     | Identified the +5 mace of Generosity {heavy, rElec SInv}
  8704 | D:10     | Noticed a death yak
  8704 | D:10     | Found a staircase to the Lair.
  8716 | D:10     | Killed a death yak
  8989 | D:10     | Reached skill level 17 in Fighting
  9154 | D:10     | Found a staircase to the Orcish Mines.
  9488 | D:11     | Noticed a two-headed ogre
  9494 | D:11     | Killed a two-headed ogre
  9577 | D:11     | Noticed a two-headed ogre
  9580 | D:11     | Killed a two-headed ogre
  9604 | D:11     | Noticed a two-headed ogre
  9610 | D:11     | Killed a two-headed ogre
  9611 | D:11     | Reached XP level 12. HP: 82/82 MP: 10/13
  9742 | D:11     | Reached skill level 18 in Fighting
  9817 | D:11     | Noticed a boulder beetle
  9834 | D:11     | Killed a boulder beetle
 10069 | D:11     | Found a runed translucent door.
 10069 | D:11     | Noticed Rudyous's ghost (journeyman DsFE)
 10781 | D:12     | Reached *** piety under Hepliaklqana
 10928 | D:12     | Noticed a two-headed ogre
 10934 | D:12     | Killed a two-headed ogre
 10962 | D:12     | Reached skill level 19 in Fighting
 11461 | D:12     | Noticed a two-headed ogre
 11466 | D:12     | Noticed a two-headed ogre
 11468 | D:12     | Killed a two-headed ogre
 11472 | D:12     | Killed a two-headed ogre
 11568 | D:12     | Reached skill level 1 in Maces & Flails
 11829 | D:13     | Identified the +5 sling of Otrim {speed, Will- Str+6 Int+2}
 11940 | D:13     | Reached skill level 5 in Maces & Flails
 11940 | D:13     | Reached XP level 13. HP: 58/90 MP: 14/14
 12150 | D:13     | Reached **** piety under Hepliaklqana
 13137 | D:14     | HP: 3/90 [meliai/+0 broad axe (9)]
 13138 | D:14     | Succumbed to a meliai's poison

Illustrated notes

Levels and vault maps discovered:
D:1:      amcnicky_arrival_feature_with_door, layout_basic
D:2:      layout_loops_cross, chequers_serial_rivers_small_b
D:3:      layout_basic, ebering_ghost_sewer_f,
          hellmonk_ecumenical_altar_pennies_from_heaven,
          hangedman_abyss_or_decor_lesser_grid, amcnicky_mini_pool_small,
          kennysheep_orc_chapel
D:4:      layout_basic, minmay_misc_feat_tiny
D:5:      layout_gridville, serial_shops, shop, st_stairs_3,
          dreamdust_wishing_well, minmay_misc_feat_hallway, uniq_pikel
D:6:      layout_basic, minmay_temple_entry_sparse_star, uniq_sigmund,
          uniq_grinder, uniq_crazy_yiuf_cottage
D:7:      layout_gridville
D:8:      layout_cave_pods, enter_bailey_6, minmay_alternating_orb, uniq_maurice
D:9:      layout_long_grid, zin_statuary, okawaru_trees_2, serial_shops, shop,
          uniq_prince_ribbit1, uniq_psyche
D:10:     layout_long_grid, david_lair_generic, erik_orc_4
D:11:     layout_basic, hellmonk_ghost_happy_afterlife
D:12:     layout_basic, hellmonk_guarded_unrand_dark_maul
D:13:     layout_stronghold
D:14:     layout_basic, grunt_vaults_entry_fortified, grunt_decor_fettered
Temple:   mainiacjoe_temple_cubbyholes

Skill      XL: |  1  2  3  4  5  6  7  8  9 10 11 12 13 |
---------------+----------------------------------------+-----
Fighting       | 4 5 7 10 13 15 17 19 | 19.7
Polearms       | 3 4 5 6 |  6.0
Summonings     | 2 |  2.0
Maces & Flails | 5 8 |  8.0
Armour         | |  3.2
Shields        | |  3.0

Action                     |  1- 3 |  4- 6 |  7- 9 | 10-12 | 13-15 || total
---------------------------+-------+-------+-------+-------+-------++-------
  Melee: Trident           |    84 |    93 |   145 |   424 |       ||   746
         Kick              |    22 |    17 |    35 |   104 |     4 ||   182
         Peck              |    11 |     7 |    19 |    69 |     2 ||   108
         Maul              |       |       |       |    16 |    19 ||    35
   Cast: Call Imp          |       |       |       |     9 |     2 ||    11
 Invoke: Recall Ancestor   |       |       |     1 |     8 |       ||     9
         Ancestor Life: Ba |       |       |       |     1 |       ||     1
    Use: Scroll            |       |       |       |    13 |       ||    13
         Potion            |       |       |       |     1 |     3 ||     4
   Stab: Distracted        |       |       |     1 |     9 |       ||    10
 Armour: Scale mail        |    23 |       |       |       |       ||    23
         Ring mail         |       |    35 |    34 |    75 |    56 ||   200
  Dodge: Dodged            |    18 |    38 |   103 |   292 |   153 ||   604
  Block: Buckler           |    13 |    17 |    27 |    64 |       ||   121

Table legend: (Time is in decaauts)
 A = Elapsed time spent in this place.
 B = Non-inter-level travel time spent in this place.
 C = Inter-level travel time spent in this place.
 D = Time resting spent in this place.
 E = Time spent auto-exploring this place.
 F = Levels seen in this place.
 G = Mean time per level.
                   A        B        C        D        E       F      G
               +--------+--------+--------+--------+--------+-----+--------+
         Total |  12639 |  12084 |    555 |   2444 |   7508 |  16 |  789.9 |
       Dungeon |  11411 |  10887 |    524 |   1672 |   7231 |  14 |  815.1 |
        Temple |    257 |    227 |     30 |    145 |     60 |   1 |  257.0 |
        Bailey |    970 |    970 |      0 |    627 |    216 |   1 |  970.0 |
               +--------+--------+--------+--------+--------+-----+--------+

Top non-repeatable levels by time:
    D:13: 1285 daAuts
    D:11: 1219 daAuts
     D:8: 1083 daAuts
     D:1: 1010 daAuts
    D:12: 985 daAuts
  Bailey: 970 daAuts
     D:9: 966 daAuts
    D:10: 920 daAuts
     D:5: 772 daAuts
     D:6: 757 daAuts
     D:4: 750 daAuts
     D:2: 597 daAuts
     D:3: 593 daAuts
     D:7: 437 daAuts
  Temple: 257 daAuts
